 Dungeon Crawl Stone Soup version 0.32-a0-18-g89e19f1 (webtiles) character file.

Game seed: 14643673023578383267

52 Dorkslayer the Ducker (level 3, -3/26 HPs)
             Began as an Octopode Fighter on Jan 16, 2024.
             Killed from afar by Sigmund (10 damage)
             ... with a magic dart
             ... on level 2 of the Dungeon.
             The game lasted 00:04:42 (939 turns).

Dorkslayer the Ducker (Octopode Fighter)             Turns: 939, Time: 00:04:42

Health: -3/26      AC:  1    Str: 15    XL:     3   Next: 85%
Magic:  3/3        EV: 19    Int: 10    God:
Gold:   81         SH:  0    Dex: 13    Spells: 2/2 levels left

rFire   . . .        a - +0 long sword
rCold   . . .        b - +0 buckler
rNeg    . . .        (helmet restricted)
rPois   .            (no amulet)
rElec   .            d - +5 ring of evasion
rCorr   .            (no ring)
SInv    .            (no ring)
Will    .....        (no ring)
Stlth   ++           (no ring)
HPRegen 0.24/turn    (no ring)
MPRegen 0.08/turn    (no ring)
                     (no ring)

%: no passive effects
@: confused, mighty, hasted, very quick
A: almost no armour, amphibious, 8 rings, camouflage 1, gelatinous body 1,
(nimble swimmer 1), tentacles
a: no special abilities


You were on level 2 of the Dungeon.
You visited 1 branch of the dungeon, and saw 2 of its levels.

You collected 81 gold pieces.

Inventory:

Hand Weapons
 a - a +0 long sword (weapon)
Armour
 b - a +0 buckler (worn)
Jewellery
 d - a +5 ring of evasion (left tentacle)


   Skills:
 + Level 3.2 Fighting
 + Level 2.2 Long Blades
 * Level 4.0 Dodging
 + Level 0.3 Stealth
 + Level 3.2 Shields


You had 2 spell levels left.
You didn't know any spells.
Your spell library contained the following spells:

 Spells                   Type           Power      Damage    Failure   Level
 Dazzling Flash           Conj/Hex       0%         N/A       83%         3
 Volatile Blastmotes      Fire/Tloc      0%         2d10      83%         3
 Starburst                Conj/Fire      0%         6d3       100%        6
 Maxwell's Capacitive Co  Air            0%         ∞         100%        8


Dungeon Overview and Level Annotations

Branches:
Dungeon (2/15)

Altars:

Annotations:
D:2 Sigmund


Innate Abilities, Weirdness & Mutations

You cannot wear most types of armour.
You are amphibious.
You can wear up to eight rings at the same time.
Your skin changes colour to match your surroundings (Stealth+).
Your rubbery body absorbs attacks. (AC +1, EV +1)
((You are camouflaged when in or above water. (Stealth+)))
You have tentacles for arms and can constrict up to eight enemies at once.


Message History

You constrict Sigmund, but do no damage.
Sigmund points at you and mumbles some strange words.
You are confused.
It was a potion of haste.
You feel yourself speed up.
You constrict Sigmund. Sigmund hits you with a +0 scythe!
You barely miss Sigmund.
Sigmund is moderately wounded.
You constrict Sigmund.
You release your grip on Sigmund.
Sigmund barely misses you.
You bump into the rock wall.
You bump into the rock wall.
You feel less confused.
A ball python comes into view.
Sigmund mumbles some strange words.
Sigmund flickers and vanishes!
Deactivating autopickup; reactivate with Ctrl-A.
The ball python misses you. The ball python completely misses you.
You hit the ball python.
You kill the ball python!
You feel very mighty all of a sudden. Something hits you.
You closely miss something. You miss something. Your squeeze misses something.
You slash something!
You hear some strange, mumbled words.
You are confused.
You miss something. Something closely misses you.
You miss something. Your squeeze misses something. You miss something.
You hear some strange, mumbled words.
You are more confused.
You barely miss something. Something hits you.
You miss something. Your squeeze misses something.
You bump into the rock wall.
Something hits you.
* * * LOW HITPOINT WARNING * * *
You completely miss something.
You hear some strange, mumbled words.
A magic dart appears from out of thin air!
The magic dart hits you!
You die...

#.##.#
#..........).#
####.#
#............+ ..#.#
#............#
#.#.#####'#.########
#.#.......#)#
#.#######.#.#
###.#########.#
#........# #.#
#.#.####@# #.# #.#.#
#{# #.# #.#.####.#
#.# #.#......# #.#
#.######## #.#
#.###########.#
#.............#
###############


There were no monsters in sight!

Vanquished Creatures
  3 dart slugs
  5 ball pythons
  4 endoplasms
  2 giant cockroaches (D:2)
  5 goblins
  5 hobgoblins
  2 jackals (D:1)
  2 quokkas (D:1)
  A bat (D:1)
  9 frilled lizards (D:1)
  A kobold (D:1)
  5 rats
44 creatures vanquished.

Notes
Turn   | Place    | Note
-------+----------+-------------------------------------------
     0 | D:1      | Dorkslayer the Octopode Fighter began the quest for the
                  | Orb.
     0 | D:1      | Reached XP level 1. HP: 16/16 MP: 1/1
    75 | D:1      | Reached XP level 2. HP: 9/21 MP: 2/2
   227 | D:1      | Reached XP level 3. HP: 18/26 MP: 3/3
   297 | D:1      | Found a faded altar of an unknown god.
   297 | D:1      | Noticed a chaos spawn
   802 | D:2      | Reached skill level 4 in Dodging
   898 | D:2      | Noticed Sigmund
   939 | D:2      | Killed from afar by Sigmund

Illustrated notes

Levels and vault maps discovered:
D:1:      minmay_arrival_shattered_statue, layout_rooms,
          dreamdust_ecumenical_altar_sealed_demon, minivault_5,
          minmay_lizard_king
D:2:      layout_basic, uniq_sigmund

Skill      XL: |  1  2  3 |
---------------+----------+-----
Dodging        | 4 |  4.0
Fighting       | |  3.2
Long Blades    | |  2.2
Stealth        | |  0.3
Shields        | |  3.2

Action                     || total
---------------------------++-------
  Melee: Long sword        ||    82
         Constrict         ||    21
         Tentacles         ||    18
         Punch             ||     1
    Use: Potion            ||     2
   Stab: Sleeping          ||     4
 Armour: Skin              ||    31
  Dodge: Dodged            ||    45
  Block: Buckler           ||    16

Table legend: (Time is in decaauts)
 A = Elapsed time spent in this place.
 B = Non-inter-level travel time spent in this place.
 C = Inter-level travel time spent in this place.
 D = Time resting spent in this place.
 E = Time spent auto-exploring this place.
 F = Levels seen in this place.
 G = Mean time per level.
                   A        B        C        D        E       F      G
               +--------+--------+--------+--------+--------+-----+--------+
         Total |    954 |    954 |      0 |     51 |    395 |   2 |  477.0 |
       Dungeon |    954 |    954 |      0 |     51 |    395 |   2 |  477.0 |
               +--------+--------+--------+--------+--------+-----+--------+

Top non-repeatable levels by time:
     D:1: 667 daAuts
     D:2: 286 daAuts
